 Dungeon Crawl Stone Soup version 0.22-a0-166-g5351223 (webtiles) character file.

57 Amnesiac the Digger (level 3, -1/24 HPs)
             Began as a Mummy Earth Elementalist on Feb 13, 2018.
             Slain by a rat (3 damage)
             ... on level 2 of the Dungeon.
             The game lasted 00:00:56 (992 turns).

Amnesiac the Digger (Mummy Earth Elementalist)       Turns: 992, Time: 00:00:56

Health: -1/24      AC:  2    Str: 11    XL:     3   Next: 73%
Magic:  6/8        EV: 12    Int: 15    God:
Gold:   19         SH:  0    Dex: 12    Spells: 6/9 levels left

rFire    x . .     SeeInvis .   a - +0 hunting sling
rCold    + . .     Gourm    .   (no shield)
rNeg     + + +     Faith    .   c - +0 robe
rPois    ∞         Spirit   .   (no helmet)
rElec    .         Reflect  .   (no cloak)
rCorr    .         Harm     .   (no gloves)
MR       .....                  (no boots)
Stlth    ++........             (no amulet)
HPRegen  0.08/turn              (no ring)
MPRegen  0.11/turn              (no ring)

@: very slightly contaminated
A: no food or potions, fire vulnerability, cold resistance 1, negative energy
resistance 3, torment resistance, unbreathing
a: no special abilities


You were on level 2 of the Dungeon.
You were not hungry.

You visited 1 branch of the dungeon, and saw 2 of its levels.

You collected 19 gold pieces.

Inventory:

Hand Weapons
 a - a +0 hunting sling (weapon)
Missiles
 b - 65 stones (quivered)
 f - 13 poisoned needles
 g - 7 needles of confusion
Armour
 c - a +0 robe (worn)
Jewellery
 e - an uncursed ring of protection from magic {unknown}
 h - an uncursed ring of protection from cold {unknown}
Scrolls
 i - a scroll of enchant armour {!r, unknown}
Books
 d - a book of Geomancy

   Spells                             Type                      Level
   a - Sandblast                      Earth                        1
   b - Passwall                       Transmutation/Earth          2
   c - Stone Arrow                    Conjuration/Earth            3
   d - Petrify                        Transmutation/Earth          4
   e - Lee's Rapid Deconstruction     Earth                        5


   Skills:
 - Level 1.5 Dodging
 - Level 1.5 Stealth
 + Level 3.5 Spellcasting
 - Level 0.7 Transmutations
 * Level 3.5 Earth Magic


You had 6 spell levels left.
You knew the following spells:

 Your Spells              Type           Power        Failure   Level  Hunger
a - Sandblast             Erth           ##....       4%          1    N/A
b - Passwall              Tmut/Erth      #.........   12%         2    N/A

Dungeon Overview and Level Annotations

Branches:
Dungeon (2/15)

Altars:


Innate Abilities, Weirdness & Mutations

You do not eat or drink.
Your flesh is vulnerable to fire.
You are immune to poison.
Your flesh is cold resistant. (rC+)
You are immune to negative energy. (rN+++)
You are immune to unholy pain and torment.
You can survive without breathing.


Message History

You start memorising the spell.
You continue memorising. x2
You finish memorising.
Spell assigned to 'b'.
Key pressed, stopping explore.
No target in view!
b - 68 stones (gained 1)
Found a stone staircase leading up.
b - 69 stones (gained 1) 2 rats, an orc and an orc priest come into view.
The orc priest shouts!
The rat moves out of view.
Firing (i - inventory)
b - 69 stones (quivered)
Press: ? - help, Shift-Dir - straight line, f - rat
Aim: a rat You shoot a stone.
The orc shouts!
The stone hits the orc priest.
The orc priest is moderately wounded.
An orc comes into view. It is wielding a flail.
There are monsters nearby!
Firing (i - inventory)
b - 68 stones (quivered)
Press: ? - help, Shift-Dir - straight line, f/p - orc priest
Aim: an orc priest, wielding a mace (moderately wounded)
You shoot a stone. The orc shouts!
The stone hits the orc priest.
The orc priest is heavily wounded.
You hear an angry hiss.
There are monsters nearby!
Firing (i - inventory)
b - 67 stones (quivered)
Press: ? - help, Shift-Dir - straight line, f/p - orc priest
Aim: an orc priest, wielding a mace (heavily wounded)
You shoot a stone. The stone hits the orc priest.
The orc priest is almost dead.
An adder comes into view.
Casting: Sandblast (safe; 5% risk of failure)
Confirm with . or Enter, or press ? or * to list all spells.
Aiming: Sandblast (safe; 5% risk of failure)
Press: ? - help, Shift-Dir - straight line, f/p - orc priest
Aim: an orc priest, wielding a mace (almost dead)
You miscast Sandblast.
You are very lightly contaminated with residual magic.
You feel a surge of energy from the ground.
The orc priest calls down the wrath of Beogh upon you.
Beogh smites you!
Ouch! That really hurt!
* * * LOW HITPOINT WARNING * * *
An orc comes into view. It is wielding a mace.
Casting: Sandblast (safe; 5% risk of failure)
Confirm with . or Enter, or press ? or * to list all spells.
Aiming: Sandblast (safe; 5% risk of failure)
Press: ? - help, Shift-Dir - straight line, f/p - orc priest
Aim: an orc priest, wielding a mace (almost dead)
The blast of sand hits the orc priest.
You kill the orc priest!
b - 65 stones The rat bites you.
* * * LOW HITPOINT WARNING * * *
Unknown command.
The rat bites you but does no damage. The rat bites you.
* * * LOW HITPOINT WARNING * * *
Unknown command.
The rat bites you.
You die...

...........
.........# ###.#
.........# #....
.........# #....
......######...
##...........#
.............#
#............######
............ooSr@.#
.$..........o####...#
....................#
...........$.<......#
##........)........##
+........(.o......#
#......(...........
#........(.........
........(........


You could see an adder, 3 orcs and a rat.

Vanquished Creatures
  An orc priest (D:2)
  An ooze (D:1)
  A dart slug (D:1)
  3 bats
  3 goblins (D:1)
  4 hobgoblins
  3 frilled lizards (D:1)
  3 kobolds (D:1)
  6 rats
25 creatures vanquished.

Notes
Turn   | Place    | Note
-------+----------+-------------------------------------------
     0 | D:1      | Amnesiac the Mummy Earth Elementalist began the quest for the Orb.
     0 | D:1      | Reached XP level 1. HP: 13/13 MP: 4/4
   133 | D:1      | Reached XP level 2. HP: 16/19 MP: 5/5
   970 | D:2      | Reached XP level 3. HP: 24/24 MP: 7/7
   974 | D:2      | Learned a level 2 spell: Passwall
   992 | D:2      | Slain by a rat

Vault maps used:
D:1:      dpeg_arrival_lava_temple_mockup, minivault_4, minmay_distorted
D:2:      chequers_ecumenical_altar_twisty, minmay_pentomino_o2

Skill      XL: |  1  2 |
---------------+-------+-----
Spellcasting   | 3 |  3.5
Earth Magic    | 3 |  3.5
Dodging        | |  1.5
Stealth        | |  1.5
Transmutations | |  0.7

Action                   || total
-------------------------++-------
Melee: Unarmed           ||     2
 Fire: Hunting sling     ||    65
 Cast: Sandblast         ||     4
Armor: Robe              ||     3
Dodge: Dodged            ||    12

Table legend:
 A = Spawn XP
 B = Non-spawn XP
 C = Spawn XP percentage of total XP
 D = Spawn monster count
 E = Non-spawn monster count
 F = Spawn count percentage of total count
 G = Total turns spent on level
                    A         B        C        D         E        F      G
               +---------+---------+-------+---------+---------+-------+---------
         Total |       0 |      82 |   0.0 |       0 |      25 |   0.0 |   992
               +---------+---------+-------+---------+---------+-------+---------
           D:1 |       0 |      36 |   0.0 |       0 |      21 |   0.0 |   920
           D:2 |       0 |      46 |   0.0 |       0 |       4 |   0.0 |    72
               +---------+---------+-------+---------+---------+-------+---------
